 Dungeon Crawl Stone Soup version 0.21.1-1-g345015f (webtiles) character file.

242 diana the Slasher (level 5, 0/41 HPs)
             Began as a Demonspawn Gladiator on June 8, 2018.
             Slain by a phantom (6 damage)
             ... on level 4 of the Dungeon.
             The game lasted 00:03:33 (2293 turns).

diana the Slasher (Demonspawn Gladiator)            Turns: 2293, Time: 00:03:34

Health: 0/41       AC:  5    Str: 19    XL:     5   Next: 82%
Magic:  5/5        EV: 13    Int:  9    God:
Gold:   140        SH:  0    Dex: 16    Spells: 4/4 levels left

rFire    . . .     SeeInvis .   a - +0 long sword
rCold    . . .     Gourm    .   (no shield)
rNeg     . . .     Faith    .   b - +0 leather armour
rPois    .         Spirit   .   c - +0 helmet
rElec    .         Reflect  .   (no cloak)
rCorr    .         Harm     .   (no gloves)
MR       .....                  (no boots)
Stlth    ++........             (no amulet)
HPRegen  0.13/turn              (no ring)
MPRegen  0.09/turn              (no ring)

@: mighty
A: fangs 1, molten scales 2, deformed body, nightstalker 1
a: no special abilities


You were on level 4 of the Dungeon.
You were very hungry.

You visited 1 branch of the dungeon, and saw 4 of its levels.

You collected 140 gold pieces.

Inventory:

Hand Weapons
 a - a +0 long sword (weapon)
Missiles
 d - 3 throwing nets (quivered)
Armour
 b - a +0 leather armour (worn)
 c - a +0 helmet (worn)
Jewellery
 l - an uncursed ring of resist corrosion
 p - an uncursed ring of wizardry
Scrolls
 e - a scroll of random uselessness
 i - a scroll of fear {unknown}
 j - 2 scrolls of teleportation
 n - a scroll of immolation {unknown}
 o - a scroll of fog {unknown}
 q - a scroll of magic mapping {unknown}
 t - a scroll of noise {unknown}
Potions
 r - a potion of curing {unknown}
 s - a potion of agility {unknown}
Comestibles
 f - 9 rations


   Skills:
 * Level 3.5 Fighting
 * Level 3.9 Long Blades
 - Level 1.8 Throwing
 * Level 2.4 Armour
 + Level 3.4 Dodging


You had 4 spell levels left.
You didn't know any spells.

Dungeon Overview and Level Annotations

Branches:
Dungeon (4/15)
 Temple: D:4-7

Altars:
Nemelex Xobeh
Wu Jian


Innate Abilities, Weirdness & Mutations

You are mostly covered in molten scales. (AC +3)
You are slightly more attuned to the shadows.
You have very sharp teeth.
Armour fits poorly on your strangely shaped body.


Message History

You hit the phantom.
The phantom is lightly damaged.
The phantom hits you but does no damage.
An adder comes into view.
You closely miss the phantom.
The phantom is lightly damaged.
The phantom hits you!
* * * LOW HITPOINT WARNING * * *
The phantom blinks!
You see here a ball python corpse.
Items here: )))) [[ †† The phantom hits you.
* * * LOW HITPOINT WARNING * * *
You hit the phantom.
The phantom is lightly damaged.
The phantom barely misses you.
It was a potion of might.
You feel very mighty all of a sudden. The phantom hits you.
You die...

### ...# ...# ...
#.###############.#
#......))†S@W.....#
..
#...#..######....##
..o.#...#..# ....#
_..ooo(....# ......
..o.#...##.# <.....
... #...##...
...... . #...##..##
....## #...# ..#
o.... ..#


You could see a phantom and an adder.

Vanquished Creatures
  A bullfrog (D:3)
  An orc wizard (D:4)
  A worker ant (D:4)
  A gnoll (D:4)
  2 adders (D:2)
  An ooze (D:2)
  3 worms
  3 dart slugs
  4 leopard geckos
  8 orcs
  2 ball pythons
  3 giant cockroaches
  5 goblins
  9 hobgoblins
  3 jackals (D:4)
  A quokka (D:3)
  11 bats
  2 frilled lizards
  3 kobolds
  8 rats
72 creatures vanquished.

Notes
Turn   | Place    | Note
-------+----------+-------------------------------------------
     0 | D:1      | diana the Demonspawn Gladiator began the quest for the Orb.
     0 | D:1      | Reached XP level 1. HP: 16/16 MP: 1/1
   165 | D:1      | Gained mutation: You are slightly more attuned to the shadows. [demonic ancestry]
   165 | D:1      | Reached XP level 2. HP: 19/22 MP: 2/2
   597 | D:1      | Reached skill level 1 in Armour
   644 | D:1      | Found a sparkling altar of Nemelex Xobeh.
   891 | D:2      | Reached XP level 3. HP: 28/28 MP: 3/3
  1172 | D:2      | Found a faded altar of an unknown god.
  1499 | D:2      | Reached XP level 4. HP: 28/34 MP: 4/4
  2070 | D:3      | Noticed a bullfrog
  2077 | D:3      | Killed a bullfrog
  2077 | D:3      | Gained mutation: You are partially covered in molten scales. (AC +2) [demonic ancestry]
  2077 | D:3      | Reached XP level 5. HP: 41/41 MP: 5/5
  2184 | D:4      | Found an ornate altar of the Wu Jian Council.
  2215 | D:4      | Noticed a phantom
  2250 | D:4      | Gained mutation: Armour fits poorly on your strangely shaped body. [potion of mutation]
  2250 | D:4      | Gained mutation: You have very sharp teeth. [potion of mutation]
  2250 | D:4      | Gained mutation: You are mostly covered in molten scales. (AC +3) [potion of mutation]
  2293 | D:4      | Slain by a phantom

Skill      XL: |  1  2  3  4 |
---------------+-------------+-----
Long Blades    | 3 |  3.9
Armour         | 1 2 |  2.4
Dodging        | 3 |  3.4
Fighting       | 3 |  3.5
Throwing       | |  1.8

Action                   |  1- 3 |  4- 6 || total
-------------------------+-------+-------++-------
Melee: Long sword        |   118 |   126 ||   244
       Bite              |       |     6 ||     6
  Use: Potion            |     1 |     3 ||     4
       Scroll            |       |     4 ||     4
 Stab: Sleeping          |     7 |     3 ||    10
  Eat: Chunk             |     2 |     2 ||     4
Armor: Leather armour    |    39 |    33 ||    72
Dodge: Dodged            |   127 |    98 ||   225
       Rpst.: Long sword |    31 |    32 ||    63
